 Dungeon Crawl Stone Soup version 0.20.0-8-g6b59dc7 (webtiles) character file.

54 miragecloak the Poker (level 3, -4/29 HPs)
             Began as a Merfolk Monk on June 1, 2017.
             Slain by Sigmund
             ... wielding a +0 scythe
              (14 damage)
             ... on level 2 of the Dungeon.
             The game lasted 00:01:28 (1073 turns).

miragecloak the Poker (Merfolk Monk)                Turns: 1073, Time: 00:01:29

Health: -4/29      AC:  2    Str: 11    XL:     3   Next: 91%
Magic:  3/3        EV: 14    Int:  9    God:
Gold:   50         SH:  4    Dex: 17    Spells: 2/2 levels left

rFire    . . .     SeeInvis .   a - +0 spear
rCold    . . .     Gourm    .   f - +0 buckler
rNeg     . . .     Faith    .   b - +0 robe
rPois    .         Spirit   .   (no helmet)
rElec    .         Reflect  .   (no cloak)
rCorr    .         Harm     .   (no gloves)
MR       .....                  (no boots)
Stlth    ++........             (no amulet)
Regen    0.1/turn               (no ring)
MPRegen  0.1/turn               (no ring)

@: no status effects
A: change form in water, swift swim, stealthy swim
a: no special abilities


You were on level 2 of the Dungeon.
You were hungry.

You visited 1 branch of the dungeon, and saw 2 of its levels.

You collected 50 gold pieces.

Inventory:

Hand Weapons
 a - a +0 spear (weapon)
Armour
 b - a +0 robe (worn)
 f - a +0 buckler (worn)
Scrolls
 d - 2 scrolls of amnesia {unknown}
 i - 3 scrolls of identify {unknown}
Potions
 e - a potion of might {unknown}
 g - a potion of invisibility {unknown}
 h - 2 potions of curing {unknown}
Comestibles
 c - 2 bread rations
 j - a fruit


   Skills:
 - Level 3.2 Fighting
 + Level 6.2 Polearms
 - Level 4.0 Dodging
 - Level 2.1 Stealth
 + Level 1.6 Shields


You had 2 spell levels left.
You didn't know any spells.

Dungeon Overview and Level Annotations

Branches:
Dungeon (2/15)

Altars:
Ashenzari
Cheibriados
Fedhas
Xom

Annotations:
D:2 Sigmund


Message History

Attack whom?
Press: ? - help, Dir - move target cursor, f/p - Sigmund
Aim: Sigmund, wielding a scythe and wearing a robe (heavily wounded)
You reach to attack!
You barely miss Sigmund.
Sigmund is heavily wounded.
Sigmund closely misses you.
You hit Sigmund.
Sigmund is severely wounded.
You hit Sigmund.
Sigmund is severely wounded.
Sigmund drinks a potion.
Sigmund is healed!
You hit Sigmund.
Sigmund is heavily wounded.
Sigmund casts a spell.
Sigmund flickers and vanishes!
Deactivating autopickup; reactivate with Ctrl-A.
You hit something but do no damage. Something hits you.
You hit something but do no damage. You barely miss something.
Something hits you!
You die...

#<##....###†.###.
.##.###[#.# #......
..#.# #.#.# ##.###.
#.#.# #.#.# #.# #.
#.#<# #.#.####.###.
#.#.# #.#........(.
#.#.# #............
#{#.#####.####.####
#.@.......####.#
###.....[......#
##############


There were no monsters in sight!

Vanquished Creatures
  2 adders (D:2)
  An ooze (D:1)
  A worm (D:2)
  A leopard gecko (D:1)
  5 bats
  3 giant cockroaches
  3 goblins
  2 hobgoblins (D:2)
  A ball python (D:1)
  3 frilled lizards
  4 kobolds
  5 rats
31 creatures vanquished.

Notes
Turn   | Place    | Note
-------+----------+-------------------------------------------
     0 | D:1      | miragecloak the Merfolk Monk began the quest for the Orb.
     0 | D:1      | Reached XP level 1. HP: 18/18 MP: 1/1
   106 | D:1      | Reached skill level 5 in Polearms
   106 | D:1      | Reached XP level 2. HP: 23/24 MP: 2/2
   270 | D:1      | You fall through a shaft!
   271 | D:2      | Found a shattered altar of Ashenzari.
   304 | D:2      | Reached skill level 1 in Shields
   304 | D:2      | Reached XP level 3. HP: 23/29 MP: 3/3
   347 | D:2      | Found a stormy altar of Qazlal.
   349 | D:2      | Found a shimmering altar of Xom.
   349 | D:2      | Found a shimmering altar of Xom.
   351 | D:2      | Found a snail-covered altar of Cheibriados.
   351 | D:2      | Found a hazy altar of Hepliaklqana.
   351 | D:2      | Found a shimmering altar of Xom.
   577 | D:2      | Reached skill level 6 in Polearms
   577 | D:2      | HP: 1/29 [poisoned by an adder]
   793 | D:2      | Found a blossoming altar of Fedhas.
  1054 | D:2      | Noticed Sigmund
  1073 | D:2      | Slain by Sigmund

Skill      XL: |  1  2  3 |
---------------+----------+-----
Polearms       | 5 6 |  6.2
Shields        | 1 |  1.6
Fighting       | |  3.2
Dodging        | |  4.0
Stealth        | |  2.1

Action                   || total
-------------------------++-------
Melee: Spear             ||   139
  Use: Potion            ||     1
 Stab: Sleeping          ||     7
Armor: Robe              ||     9
Dodge: Dodged            ||    53
Block: Buckler           ||    14
